 Dungeon Crawl Stone Soup version 0.30-a0-634-g8abc85282e (webtiles) character file.

Game seed: 9913480332535305657

232842 cforsyth the Zephyrmancer (level 18, -6/144 HPs)
             Began as a Demonspawn Summoner on Jan 8, 2023.
             Was an Initiate of Gozag.
             Killed from afar by a lindwurm (37 damage)
             ... with a blast of flame
             ... on level 2 of the Vaults on Jan 14, 2023.
             The game lasted 02:39:55 (47187 turns).

cforsyth the Zephyrmancer (Demonspawn Summoner)    Turns: 47187, Time: 02:39:56

Health: -6/144     AC: 17    Str:  9    XL:     18   Next: 40%
Magic:  40/42      EV: 23    Int: 29    God:    Gozag
Gold:   1462       SH:  0    Dex: 11    Spells: 10/40 levels left

rFire   . . .      SeeInvis .      - Unarmed
rCold   . . .      Faith    .    (shield currently unavailable)
rNeg    . . .      Spirit   .    (body armour currently unavailable)
rPois   ∞          Reflect  .    (helmet unavailable)
rElec   +          Harm     .    (cloak currently unavailable)
rCorr   .          Rampage  .    (gloves unavailable)
Will    +....                    (boots unavailable)
Stlth   ++                       U - amulet of Vitality {RegenMP++ Regen++}
HPRegen 2.04/turn                R - ring "Waus" {rElec rPois MP+9 Dex-4 Slay+5}
MPRegen 1.08/turn                K - +6 ring of intelligence

@: storm-form, forested, gold aura, blinkbolt cooldown, flying, studying
Fighting
A: cleaving, insubstantial, flying, (hooves 3), (horns 3), demonic guardian 2,
(spiny 2), (demonic touch 3)
}: 2/15 runes: barnacled, gossamer
a: Blinkbolt, End Transformation, Renounce Religion, Potion Petition, Call
Merchant, Bribe Branch


You were on level 2 of the Vaults.
You worshipped Gozag.
Gozag was most pleased with you.
You were a lightning-filled tempest!
You visited 7 branches of the dungeon, and saw 33 of its levels.
You visited 1 bazaar.
You also visited: Ossuary and Gauntlet.

You collected 12693 gold pieces.
You spent 2948 gold pieces at shops.
You paid 8283 gold pieces to Gozag.

Inventory:

Missiles
 p - 7 throwing nets
Armour
 g - a +0 pair of gloves
 k - +0 acid dragon scales (melded)
 B - a scarf of resistance (melded)
Jewellery
 E - a +5 ring of evasion
 F - a +6 ring of dexterity
 I - a +5 ring of evasion
 K - a +6 ring of intelligence (right fist)
 L - an amulet of the acrobat
 N - a +6 ring of strength
 R - the ring "Waus" (left fist) {rElec rPois MP+9 Dex-4 Slay+5}
   (You acquired it on level 12 of the Dungeon)

   [ring of magical power]

   Dex:       It affects your dexterity (-4).
   Slay:      It affects your accuracy & damage with ranged weapons and melee
   (+5).
   rElec:     It insulates you from electricity.
   rPois:     It protects you from poison.
   MP:        It affects your magic capacity (+9).
 S - a ring of protection from cold
 U - the amulet of Vitality (around neck) {RegenMP++ Regen++}
   (You acquired it on level 2 of the Lair of Beasts)

   [amulet of magic regeneration]

   It increases your rate of magic regeneration.
   Regen:     It increases your rate of health regeneration.
 Z - a +4 ring of protection
Wands
 i - a wand of acid (28)
 r - a wand of mindburst (6)
 s - a wand of digging (22)
 t - a wand of flame (46)
 x - a wand of polymorph (3)
 H - a wand of roots (17)
 J - a wand of charming (28)
Scrolls
 c - a scroll of torment
 d - 5 scrolls of vulnerability
 e - 5 scrolls of butterflies
 m - 2 scrolls of silence
 u - 9 scrolls of teleportation
 v - 4 scrolls of fear
 y - 5 scrolls of poison
 D - a scroll of magic mapping
 G - 5 scrolls of amnesia
 P - 4 scrolls of enchant armour
 T - 10 scrolls of identify
 V - 3 scrolls of enchant weapon
 X - 3 scrolls of immolation
 Y - 2 scrolls of fog
Potions
 b - 4 potions of magic
 f - 5 potions of cancellation
 h - 8 potions of might
 j - 4 potions of heal wounds
 l - 8 potions of brilliance
 n - 5 potions of resistance
 o - 7 potions of mutation
 q - 15 potions of ambrosia
 w - 5 potions of flight
 z - 5 potions of lignification
 C - 15 potions of curing
 M - 7 potions of haste
 O - 2 potions of berserk rage
 Q - 3 potions of invisibility
 W - 5 potions of attraction
Miscellaneous
 a - a condenser vane
 A - a lightning rod (4/4)


   Skills:
 + Level 13.4 Fighting
 - Level 12.6 Dodging
 - Level 2.0 Stealth
 + Level 4.9 Unarmed Combat
 - Level 11.9 Spellcasting
 - Level 5.0 Hexes
 - Level 13.3 Summonings
 - Level 6.0 Translocations
 + Level 13.3 Transmutations
 + Level 14.2 Air Magic


You had 10 spell levels left.
You knew the following spells:

 Your Spells              Type           Power      Damage    Failure   Level
a - Storm Form            Tmut/Air       38%        N/A       9%          7
b - Call Imp              Summ           76%        N/A       1%          2
c - Call Canine Familiar  Summ           76%        N/A       1%          3
d - Summon Guardian Gole  Hex/Summ       63%        N/A       1%          3
e - Summon Lightning Spi  Summ/Air       77%        N/A       1%          4
f - Summon Forest         Summ/Tloc      32%        N/A       1%          5
g - Summon Small Mammal   Summ           100%       N/A       0%          1
h - Summon Mana Viper     Hex/Summ       63%        N/A       1%          5

Your spell library contained the following spells:

 Spells                   Type           Power      Damage    Failure   Level
 Apportation              Tloc           100%       N/A       1%          1
 Blink                    Tloc           100%       N/A       1%          2
 Cigotuvi's Dreadful Rot  Necr/Pois/Air  88%        N/A       1%          2
 Ensorcelled Hibernation  Hex/Ice        62%        N/A       1%          2
 Static Discharge         Conj/Air       100%       2-7/arc   1%          2
 Ignite Poison            Fire/Tmut/Pois 43%        N/A       1%          3
 Spider Form              Tmut/Pois      54%        N/A       1%          3
 Vhi's Electric Charge    Tloc/Air       100%       N/A       1%          3
 Summon Ice Beast         Ice/Summ       54%        N/A       1%          4
 Silence                  Hex/Air        32%        N/A       1%          5
 Manifold Assault         Tloc           51%        N/A       2%          4
 Foxfire                  Conj/Fire      68%        2x1d7     3%          1
 Necrotise                Necr           68%        1d7       3%          1
 Dazzling Flash           Conj/Hex       62%        N/A       3%          3
 Inner Flame              Hex/Fire       31%        N/A       3%          3
 Cause Fear               Hex            23%        N/A       4%          4
 Arcjolt                  Conj/Air       27%        1d37      4%          5
 Lightning Bolt           Conj/Air       27%        1d44      4%          5
 Alistair's Intoxication  Tmut/Pois      36%        N/A       5%          5
 Ozocubu's Armour         Ice            17%        N/A       10%         3
 Anguish                  Hex/Necr       15%        N/A       11%         4
 Leda's Liquefaction      Hex/Erth       15%        N/A       11%         4
 Monstrous Menagerie      Summ           38%        N/A       11%         7
 Summon Hydra             Summ           38%        N/A       11%         7
 Conjure Ball Lightning   Conj/Air       27%        3x3d8     26%         6
 Dispel Undead            Necr           17%        3d10      30%         4
 Sticky Flame             Conj/Fire      17%        2d4       30%         4
 Eringya's Noxious Bog    Tmut/Pois      27%        N/A       30%         6
 Statue Form              Tmut/Erth      36%        N/A       30%         6
 Agony                    Necr           17%        N/A       65%         5
 Borgnjor's Vile Clutch   Necr/Erth      8%         N/A       65%         5
 Fireball                 Conj/Fire      8%         3d6       65%         5
 Iskenderun's Battlesphe  Conj           17%        2d7       65%         5
 Lee's Rapid Deconstruct  Erth           8%         3d7*      65%         5
 Spellforged Servitor     Conj/Summ      27%        N/A       86%         7
 Death Channel            Necr           8%         N/A       99%         6
 Iron Shot                Conj/Erth      8%         9d3       99%         6
 Starburst                Conj/Fire      8%         6d4       99%         6
 Orb of Destruction       Conj           8%         9d6       100%        7
 Ozocubu's Refrigeration  Ice            8%         4d9       100%        7
 Discord                  Hex            23%        N/A       100%        8
 Ignition                 Fire           8%         3d5       100%        8


Dungeon Overview and Level Annotations

Branches:
Dungeon (15/15)            Temple (1/1) D:5            Lair (5/5) D:11
 Shoals (4/4) Lair:3       Spider (4/4) Lair:2        Slime (0/5) Lair:4
    Orc (2/2) D:11            Elf (0/3) Orc:2        Vaults (2/5) D:13
 Depths (0/4) D:15        Ossuary (visited)         Gauntlet (visited)
  Crypt: Vaults:2-3

Altars:
Cheibriados
Dithmenos
Fedhas
Gozag
Hepliaklqana
Kikubaaqudgha
Makhleb
Nemelex Xobeh
Okawaru
Qazlal
Ru
Trog
Uskayaw
Vehumet
Wu Jian
Xom
Yredelemnul
Lugonu

Shops:
D:11 (   D:12 *   Orc:2 [*::   Lair:1 ::(?*[[=

Portals:
Abyss: Lair:5

Annotations:
Shoals:4 1 runed translucent door, flyleaff's ghost, adept GnWn


Innate Abilities, Weirdness & Mutations

You are a lightning-filled tempest!
Your electrical attacks strike out in all directions at once.
You are incredibly evasive.
Your insubstantial body is immune to petrification, constriction, and being set on fire You are flying.
You are immune to poison.
Your armour is entirely melded.
You are incapable of wielding weapons or throwing items.
((You have hooves in place of feet.))
((You have a pair of large horns on your head.))
A demonic guardian rushes to your aid.
((You are mostly covered in sharp spines.))
((Your touch may irresistibly damage your foes and sap their willpower.))


Message History

Really fire in your mana viper's direction?
Okay, then.
Aiming: Blinkbolt
Press: ? - help, Dir - move target, f/p - lindwurm
Aim: a lindwurm (96% to hit)
Really fire in your mana viper's direction?
The shock of your passage hits your mana viper!
Your mana viper is moderately wounded.
The shock of your passage hits the wizard!!
The wizard is severely wounded.
The shock of your passage hits the lindwurm.
The lindwurm is lightly wounded.
The lindwurm is no longer distracted by gold.
You blink.
Your mana viper disappears in a puff of smoke!
Your sun demon hits the wizard!!
The wizard dies!
The lindwurm breathes flames at you. The blast of flame hits you!!
* * * LOW HITPOINT WARNING * * *
You hear a horrible gurgling sound!
You buffet the lindwurm!
The lindwurm is moderately wounded.
Unknown command.
Unknown command.
You swap places.
The lindwurm bites your sun demon.
The lindwurm closely misses your sun demon.
The lindwurm claws your sun demon.
Your sun demon hits the lindwurm.
The lindwurm is engulfed in flames!
Things that are here:
4 gold pieces; a +0 dire flail; a +0 robe Unknown command.
Unknown command.
You swap places.
The lindwurm bites your sun demon!
The lindwurm claws your sun demon but does no damage.
The lindwurm claws your sun demon. The lindwurm breathes flames at you.
The blast of flame hits you!!!
You die...
Your body crumbles into a pile of gold.

#####...#.k..♣)#,,,.#,,,,,*******
,,,,#...#.###...***.#,,,,,*
,,,,#.[.#.,*$...$*,.#,,,,,* ***
,,,,#...#.***,..♣##.#,,,,,* *,,
,,,,#...#.u,,*$#k≈~.♣,,,,,* *,,
,,,,#...#...,#♣♣≈≈~~♣,,,,,* *,,
,,,,#...#....#h#§r~~#,,.,,* *,,
,,,,#...#....k3$§.♣.#,..,,* *,,
#####...####♣##♣v####...,,* *,$
....#.......|..........♣,,* ***
....#.".....♣...........,,*
....#...............?.♣.,,*
....#...................,,*
....#.....##♣♣###♣♣#♣♣..,,*
#####...!.#,,,,,,,,,,*,.,,*******
,,,.......+,,,,,,,,,,*,,,,,,,,,,,
,,........#,,,,,,,,,,*,,,,,,,,,,,


You could see a lindwurm (distracted, ally target), a friendly sun demon
(summoned), a friendly warg (summoned) and a friendly rat (summoned).

Vanquished Creatures
  A vault warden (Vaults:2)
  An emperor scorpion (Spider:3)
  A ghost moth (Spider:4)
  A spark wasp (Spider:4)
  A merfolk javelineer (Shoals:4)
  A merfolk avatar (Shoals:4)
  A centaur warrior (D:13)
  2 merfolk aquamancers (Shoals:4)
  An ironbound frostheart (Vaults:2)
  2 thrashing horrors (Lair:5)
  2 satyrs (Shoals:4)
  A death yak (Lair:5)
  A sun demon (Shoals:2)
  5 sea snakes
  A wizard (D:15)
  4 harpies
  An orange crystal statue (Gauntlet)
  An orc sorcerer (Orc:2)
  A steelbarb worm (Spider:4)
  A wolf spider (Spider:2)
  A smoke demon (Lair:5)
  A black mamba (Lair:2)
  A water nymph (Shoals:4)
  A vault sentinel (Vaults:1)
  2 cane toads
  An ancient zyme (Lair:5)
  2 trolls
  A meliai (Spider:2)
  A meliai (shapeshifter) (Lair:5)
  4 merfolk
  A polar bear (Lair:2)
  7 tarantellas
  9 blink frogs (Lair:5)
  Grinder (D:4)
  Prince Ribbit (D:6)
  2 jumping spiders
  3 culicivoras
  A wraith (D:10)
  2 slime creatures (Vaults:1)
  5 water elementals
  A vampire (D:9)
  A wyvern (Lair:3)
  9 yaks
  Eustachio (D:4)
  A chaos spawn (Lair:5)
  4 redbacks
  A steam dragon (D:8)
  An acid dragon (D:10)
  2 wargs (Orc:2)
  Menkaure (D:4)
  7 water moccasins
  2 small abominations (Lair:5)
  4 orc warriors
  2 black bears
  6 ice beasts
  6 ogres
  6 wolves
  A centaur (D:9)
  An elf zombie (Ossuary)
  6 bullfrogs
  2 kobold brigands (D:7)
  2 necrophages
  2 scorpions (D:5)
  Dowan (D:7)
  5 killer bees (Lair:2)
  An electric eel (D:7)
  2 howler monkeys
  A centaur zombie (Ossuary)
  3 jellies
  A human zombie (Ossuary)
  4 orc priests
  2 hounds (D:6)
  4 iguanas
  Natasha (D:2)
  10 orc wizards
  6 adders
  A shadow imp (D:6)
  3 white imps
  An ufetubus (D:5)
  A dart slug (D:2)
  34 orcs
  2 ball pythons (D:4)
  A bat (D:2)
  11 endoplasms
  4 giant cockroaches
  4 goblins
  A hobgoblin (D:1)
  5 jackals
  5 kobolds (D:7)
  A quokka (D:4)
  A frilled lizard (D:1)
  2 goblin zombies (Ossuary)
  4 hobgoblin zombies (Ossuary)
  A kobold zombie (Ossuary)
  2 orc zombies (Ossuary)
  3 rats (D:1)
  A tentacle (Shoals:2)
275 creatures vanquished.

Vanquished Creatures (collateral kills)
  Mlioglotl (Spider:3)
  Rupert (D:15)
  3 krakens (Shoals:2)
  Gastronok (Orc:1)
  Kirke (Shoals:2)
  3 emperor scorpions
  6 ghost moths
  A broodmother (Spider:2)
  2 ironbound thunderhulks
  A stone giant (D:15)
  Nessos (D:15)
  A spark wasp (Spider:4)
  5 merfolk impalers
  Josephine (Shoals:1)
  2 entropy weavers
  3 merfolk javelineers
  The ghost of wormed the Transmogrifier, a journeyman OpTm of Gozag (Lair:2)
  4 hydras
  A vault guard (Vaults:2)
  A yaktaur captain (Vaults:1)
  2 ogre magi (Orc:2)
  A jorogumo (Spider:3)
  2 merfolk avatars
  3 alligator snapping turtles (Shoals:4)
  2 centaur warriors
  Erica (Orc:1)
  3 boulder beetles
  8 two-headed ogres (Orc:2)
  2 tengu warriors (D:15)
  4 merfolk aquamancers
  2 thrashing horrors (Lair:5)
  A death scarab (Spider:3)
  2 death yaks
  A sun demon (Shoals:3)
  3 pharaoh ants
  Amaemon (D:11)
  7 sea snakes
  Nergalle (Orc:1)
  2 skeletal warriors (D:15)
  2 sun moths (Spider:3)
  A deep troll (Orc:2)
  2 orb spiders
  5 steelbarb worms
  10 harpies
  A wizard (Vaults:2)
  A harpy (shapeshifter) (Lair:5)
  A lindwurm (Vaults:2)
  2 orc knights (D:15)
  14 manticores
  10 cyclopes
  2 moths of wrath
  17 wolf spiders
  16 fauns
  14 merfolk sirens
  8 elephants
  2 demonic crawlers
  3 ugly things (D:15)
  3 black mambas
  An orange demon (D:11)
  9 water nymphs
  8 cane toads
  6 torpor snails
  4 yaktaurs (Vaults:1)
  An efreet (D:14)
  7 komodo dragons
  2 rime drakes
  A kobold demonologist (D:11)
  9 trolls
  A meliai (Spider:2)
  2 polar bears
  23 merfolk
  20 blink frogs
  9 wind drakes
  20 tarantellas
  8 snapping turtles
  4 dream sheep
  Sigmund (D:3)
  12 jumping spiders
  2 slime creatures (Vaults:1)
  2 shadows (D:11)
  2 ynoxinuls (Lair:5)
  8 water elementals
  4 wraiths
  18 culicivoras
  3 wyverns
  A vampire (D:11)
  2 basilisks
  25 yaks
  2 chaos spawn (Lair:5)
  5 hogs (Shoals:2)
  37 redbacks
  An acid dragon (D:13)
  A warg (Orc:2)
  11 water moccasins
  Duvessa (D:7)
  11 orc warriors
  3 ice beasts (D:11)
  2 black bears
  2 sky beasts
  12 wolves
  18 ogres
  3 boggarts (D:11)
  2 centaurs
  A phantom (D:4)
  An elf zombie (Ossuary)
  A kobold brigand (D:9)
  4 scorpions
  7 bullfrogs
  5 small abominations (Lair:5)
  12 killer bees (Lair:2)
  3 electric eels
  A nameless horror (D:3)
  2 human zombies (Ossuary)
  4 orc priests
  Terence (D:2)
  An iguana (D:6)
  Natasha (D:3)
  5 hell rats
  10 orc wizards
  2 mummies (Ossuary)
  Robin (D:2)
  5 adders
  3 worms (Lair:2)
  3 dart slugs
  39 orcs
  7 endoplasms
  3 giant cockroaches
  14 goblins
  6 hobgoblins
  4 jackals
  4 quokkas
  7 ball pythons
  7 bats
  3 frilled lizards
  2 goblin zombies (Ossuary)
  5 hobgoblin zombies (Ossuary)
  15 kobolds
  6 kobold zombies (Ossuary)
  9 orc zombies (Ossuary)
  A rat (D:1)
  7 tentacles
740 creatures vanquished.

Vanquished Creatures (others)
  2 krakens
  4 emperor scorpions (Spider:4)
  A vault warden (Vaults:1)
  A minotaur (Gauntlet)
  Snorg (D:11)
  A merfolk javelineer (Shoals:4)
  Harold (D:9)
  An entropy weaver (Spider:3)
  An alligator snapping turtle (Shoals:1)
  A vault guard (D:13)
  2 centaur warriors
  3 boulder beetles
  A two-headed ogre (D:9)
  2 hydras
  A radroach (Spider:4)
  A tengu warrior (D:15)
  A death scarab (Spider:4)
  3 death yaks (Lair:5)
  A skeletal warrior (D:15)
  3 sea snakes (Shoals:4)
  A deep troll (Orc:2)
  An orb spider (Spider:4)
  An orc knight (Orc:1)
  2 deep elf pyromancers
  A wolf spider (Lair:2)
  An orc sorcerer (D:15)
  3 ugly things
  A cyclops (Orc:2)
  A manticore (D:12)
  3 fauns
  An elephant (Lair:4)
  3 black mambas
  2 demonic crawlers
  A cane toad (Lair:5)
  3 komodo dragons
  Maggie (D:9)
  A tengu conjurer (D:15)
  A queen bee (Lair:2)
  A meliai (Spider:2)
  A tarantella (Spider:4)
  A troll (Orc:2)
  2 blink frogs (Lair:5)
  3 merfolk (Shoals:4)
  A snapping turtle (Shoals:4)
  3 slime creatures (D:12)
  A culicivora (Spider:4)
  5 yaks
  A water elemental (Shoals:2)
  3 vampire mosquitoes (D:12)
  3 redbacks
  2 wargs (D:15)
  2 acid dragons
  A water moccasin (Lair:5)
  An orc warrior (D:15)
  An ogre (Orc:2)
  A wolf (Lair:2)
  A scorpion (Lair:2)
  7 killer bees (Lair:2)
  2 orc wizards
  4 hell rats (Lair:4)
  An orc (D:15)
  14 demonic plants (Gauntlet)
  24 fungi
  295 plants
  38 snaplasher vines
  58 tentacles
537 creatures vanquished.

Grand Total: 1552 creatures vanquished

Notes
Turn   | Place    | Note
-------+----------+-------------------------------------------
     0 | D:1      | cforsyth the Demonspawn Summoner began the quest for the
                  | Orb.
     0 | D:1      | Reached XP level 1. HP: 13/13 MP: 3/3
     7 | D:1      | Found a runed translucent door.
   360 | D:1      | Discovered your monstrous ancestry.
   360 | D:1      | Gained mutation: You have large cloven feet. [demonic
                  | ancestry]
   360 | D:1      | Reached XP level 2. HP: 19/19 MP: 1/5
   430 | D:1      | Learned a level 2 spell: Call Imp
  1029 | D:1      | Gained mutation: You have hoof-like feet. [demonic
                  | ancestry]
  1029 | D:1      | Reached XP level 3. HP: 25/25 MP: 1/6
  1050 | D:1      | Reached skill level 1 in Fighting
  1347 | D:2      | Reached skill level 1 in Unarmed Combat
  1448 | D:2      | Noticed Terence
  1532 | D:2      | Killed Terence
  1672 | D:2      | Reached XP level 4. HP: 32/32 MP: 5/7
  2166 | D:2      | Noticed Robin
  2202 | D:2      | Killed Robin
  2800 | D:3      | Found an iron altar of Okawaru.
  3107 | D:3      | Reached XP level 5. HP: 38/38 MP: 8/8
  3113 | D:3      | Noticed Natasha
  3123 | D:3      | Killed Natasha
  3671 | D:3      | Noticed Sigmund
  3948 | D:3      | Noticed Natasha
  3995 | D:2      | Killed Natasha
  4553 | D:3      | Killed Sigmund
  4554 | D:3      | Gained mutation: You are partially covered in sharp spines.
                  | [demonic ancestry]
  4554 | D:3      | Reached XP level 6. HP: 47/47 MP: 1/9
  5201 | D:4      | Noticed a sky beast
  5234 | D:4      | Killed a sky beast
  5235 | D:4      | Gained mutation: Your touch may inflict minor irresistible
                  | damage on your foes. [demonic ancestry]
  5235 | D:4      | Reached XP level 7. HP: 37/53 MP: 8/10
  5298 | D:4      | Noticed Grinder
  5299 | D:4      | Paralysed by Grinder for 5 turns
  5337 | D:4      | Killed Grinder
  5481 | D:4      | Noticed Menkaure
  5700 | D:4      | Noticed Eustachio
  6307 | D:4      | Learned a level 3 spell: Call Canine Familiar
  6522 | D:4      | Killed Menkaure
  7011 | D:4      | Killed Eustachio
  7012 | D:4      | Reached skill level 5 in Dodging
  7012 | D:4      | Reached skill level 1 in Hexes
  7012 | D:4      | Gained mutation: You have a pair of small horns on your
                  | head. [demonic ancestry]
  7012 | D:4      | Reached XP level 8. HP: 32/61 MP: 8/11
  7273 | D:4      | Reached skill level 5 in Fighting
  7372 | D:5      | Entered Level 5 of the Dungeon
  8219 | D:5      | Found a staircase to the Ecumenical Temple.
  8256 | Temple   | Entered the Ecumenical Temple
  8313 | Temple   | Became a worshipper of Gozag Ym Sagoz the Greedy
  8689 | D:5      | Reached skill level 5 in Summonings
  8695 | D:5      | Learned a level 3 spell: Summon Guardian Golem
  9789 | D:6      | Gained mutation: You are mostly covered in sharp spines.
                  | [demonic ancestry]
  9789 | D:6      | Reached XP level 9. HP: 69/69 MP: 7/14
 10139 | D:6      | Found a shadowy altar of Dithmenos.
 10175 | D:6      | Noticed Prince Ribbit
 10181 | D:6      | Killed Prince Ribbit
 10313 | D:6      | Found an ancient bone altar of Kikubaaqudgha.
 10979 | D:7      | Noticed Duvessa
 10979 | D:7      | Noticed Dowan
 11050 | D:7      | Killed Duvessa
 11063 | D:7      | Killed Dowan
 11538 | D:7      | Identified the +1 robe of the Hall of Blades {rF+}
 12331 | D:7      | Reached skill level 1 in Air Magic
 12341 | D:7      | Reached skill level 5 in Spellcasting
 12729 | D:8      | Gained mutation: You have hooves in place of feet. [demonic
                  | ancestry]
 12729 | D:8      | Reached XP level 10. HP: 52/77 MP: 17/17
 12818 | D:8      | Found a sand-covered staircase.
 12823 | Ossuary  | Entered an ossuary
 12829 | Ossuary  | Learned a level 4 spell: Summon Lightning Spire
 13035 | Ossuary  | Reached skill level 5 in Hexes
 13425 | D:8      | Reached skill level 2 in Air Magic
 14134 | D:9      | Noticed Harold
 14146 | D:9      | Noticed a two-headed ogre
 14339 | D:9      | Killed Harold
 14362 | D:9      | Killed a two-headed ogre
 14363 | D:9      | Reached skill level 3 in Air Magic
 15118 | D:9      | Found an ornate altar of the Wu Jian Council.
 15449 | D:9      | Noticed Maggie
 15465 | D:9      | Killed Maggie
 15806 | D:9      | Found a bloodstained altar of Trog.
 15806 | D:9      | Found a hide-covered altar of Uskayaw.
 15877 | D:10     | Entered Level 10 of the Dungeon
 16278 | D:9      | Reached XP level 11. HP: 76/86 MP: 17/20
 16872 | D:10     | Reached skill level 4 in Air Magic
 17566 | D:11     | Found a staircase to the Orcish Mines.
 17580 | D:11     | Found a gate leading to a gauntlet.
 17718 | Gauntlet | Entered a Gauntlet
 17718 | Gauntlet | Found a transporter.
 17722 | Gauntlet | Found a transporter.
 17723 | Gauntlet | Noticed a death scarab
 17723 | Gauntlet | Noticed a death scarab
 17742 | Gauntlet | Found a transporter.
 17742 | Gauntlet | Found a transporter.
 17752 | Gauntlet | Found a transporter.
 17769 | Gauntlet | Noticed an orange crystal statue
 17772 | Gauntlet | Found a transporter.
 17775 | Gauntlet | Found a transporter.
 17779 | Gauntlet | Found a transporter.
 17781 | Gauntlet | Found a runed translucent door.
 17802 | Gauntlet | Found a transporter.
 17821 | Gauntlet | Found a transporter.
 17823 | Gauntlet | Found a transporter.
 17823 | Gauntlet | Noticed a great orb of eyes
 17823 | Gauntlet | Noticed a red ugly thing
 17824 | Gauntlet | Noticed a cyan ugly thing
 17831 | Gauntlet | Found a transporter.
 17926 | Gauntlet | Identified the -2 cloak of the Stars {Rampage Dex+3}
 17987 | Gauntlet | Noticed a fire crab
 17994 | Gauntlet | Killed an orange crystal statue
 18068 | Gauntlet | Identified the +0 helmet "Ruug" {rF+}
 18077 | Gauntlet | Identified a scroll of acquirement
 18085 | Gauntlet | Acquired 754 gold pieces
 18099 | Gauntlet | Noticed a minotaur
 18222 | Gauntlet | Killed a minotaur
 18613 | D:11     | Found a staircase to the Lair.
 18747 | D:11     | Found a hide-covered altar of Uskayaw.
 18750 | D:11     | Upgraded the game from 0.30-a0-605-gb2882149bf to
                  | 0.30-a0-634-g8abc85282e
 18930 | D:11     | Noticed Amaemon
 18954 | D:11     | Killed Amaemon
 19392 | D:11     | Found Buesirche's Weapon Shop.
 19421 | D:11     | Reached skill level 5 in Air Magic
 19490 | D:11     | Noticed a boulder beetle
 19534 | D:11     | Killed a boulder beetle
 19621 | D:11     | Reached skill level 1 in Translocations
 19749 | D:11     | Noticed Snorg
 19761 | D:11     | Killed Snorg
 20460 | D:12     | Noticed a red ugly thing
 20473 | D:12     | Killed a red ugly thing
 20474 | D:12     | Gained mutation: Your touch may inflict irresistible damage
                  | on your foes. [demonic ancestry]
 20474 | D:12     | Reached XP level 12. HP: 95/95 MP: 13/23
 20827 | D:12     | Noticed a boulder beetle
 20855 | D:12     | Killed a boulder beetle
 20946 | D:12     | Noticed a boulder beetle
 20981 | D:12     | Killed a boulder beetle
 21185 | D:12     | Found Sathryg's General Store.
 21193 | D:12     | Bought a scroll of acquirement for 676 gold pieces
 21194 | D:12     | Acquired the ring "Waus" {rElec rPois MP+9 Dex-4 Slay+5}
 21984 | Lair:1   | Entered Level 1 of the Lair of Beasts
 22532 | Lair:2   | Noticed an eight-headed hydra
 22550 | Lair:2   | Acquired the amulet of Vitality {RegenMP++ Regen++}
 22550 | Lair:2   | Found the amulet of Vitality {RegenMP++ Regen++}
 22585 | Lair:2   | Noticed wormed's ghost (journeyman OpTm)
 22588 | Lair:2   | Found a transporter.
 22589 | Lair:2   | Noticed a five-headed hydra
 22589 | Lair:2   | Noticed a death yak
 22602 | Lair:2   | Found a transporter.
 23141 | Lair:2   | Learned a level 5 spell: Summon Forest
 23165 | Lair:2   | Killed an eight-headed hydra
 23185 | Lair:2   | Reached skill level 10 in Fighting
 23404 | Lair:2   | Reached skill level 10 in Summonings
 23434 | Lair:2   | Found a hole to the Spider Nest.
 24667 | Lair:3   | Noticed an eight-headed hydra
 24679 | Lair:3   | Killed an eight-headed hydra
 24680 | Lair:3   | Gained mutation: You have a pair of horns on your head.
                  | [demonic ancestry]
 24680 | Lair:3   | Reached XP level 13. HP: 97/101 MP: 25/25
 24829 | Lair:3   | Reached skill level 5 in Translocations
 24833 | Lair:3   | Found a staircase to the Shoals.
 25059 | Lair:3   | Reached skill level 10 in Dodging
 25965 | Lair:4   | Found a staircase to the Slime Pits.
 26607 | Lair:5   | Entered Level 5 of the Lair of Beasts
 27244 | Lair:5   | Reached skill level 10 in Spellcasting
 27246 | Lair:5   | Gained mutation: A weak demonic guardian rushes to your
                  | aid. [demonic ancestry]
 27246 | Lair:5   | Reached XP level 14. HP: 113/113 MP: 28/28
 28771 | Lair:5   | Found a corrupted altar of Lugonu.
 28771 | Lair:5   | Found a one-way gate to the infinite horrors of the Abyss.
 28982 | Lair:2   | Killed wormed's ghost
 29178 | Orc:1    | Entered Level 1 of the Orcish Mines
 29178 | Orc:1    | Noticed Nergalle
 29187 | Orc:1    | Killed Nergalle
 29365 | Orc:2    | Entered Level 2 of the Orcish Mines
 29401 | Orc:1    | Noticed Erica
 29711 | Orc:2    | Found a staircase to the Elven Halls.
 29798 | Orc:1    | Noticed Gastronok
 29815 | Orc:1    | Killed Gastronok
 30972 | Orc:2    | Gained mutation: You have a pair of large horns on your
                  | head. [demonic ancestry]
 30972 | Orc:2    | Reached XP level 15. HP: 114/122 MP: 30/30
 31050 | Orc:1    | Killed Erica
 31377 | Orc:2    | Found Doaffamunt's Antique Armour Shoppe.
 31431 | Orc:2    | Found Hatt's General Store.
 31432 | Orc:2    | Found Fypsan's Book Shop.
 31441 | Orc:2    | Found Xaeplin's Book Emporium.
 31959 | D:13     | Found a gate to the Vaults.
 33180 | D:15     | Entered Level 15 of the Dungeon
 33186 | D:15     | Noticed Nessos
 33218 | D:15     | Killed Nessos
 33261 | D:15     | Found a flickering gateway to a bazaar.
 33270 | Bazaar   | Entered a bazaar
 33270 | Bazaar   | Found Amonasoo's Book Emporium.
 33289 | Bazaar   | Found Godirha's Antique Weapon Boutique.
 33300 | Bazaar   | Found Lydghau's General Store.
 33311 | Bazaar   | Found Ydyadyec's Antique Armour Shop.
 33319 | Bazaar   | Found Raupejun's Distillery.
 33338 | Bazaar   | Bought an Inescapable Atlas for 448 gold pieces
 33338 | Bazaar   | Bought a book of Beasts for 532 gold pieces
 33349 | Bazaar   | Bought a potion of magic for 112 gold pieces
 33349 | Bazaar   | Bought a potion of haste for 140 gold pieces
 33369 | Bazaar   | Learned a level 5 spell: Summon Mana Viper
 33413 | D:15     | Reached skill level 1 in Transmutations
 33904 | D:15     | Noticed Rupert
 33906 | D:15     | Paralysed by Rupert for 5 turns
 33927 | D:15     | Killed Rupert
 33936 | D:15     | Reached skill level 6 in Air Magic
 34131 | D:15     | Found a staircase to the Depths.
 34295 | Spider:1 | Entered Level 1 of the Spider Nest
 34454 | Spider:1 | Noticed an emperor scorpion
 34477 | Spider:1 | Killed an emperor scorpion
 34786 | Spider:1 | Identified the +9 scimitar "Xuunid" {pain, rN+ Dex+3}
 34923 | Spider:1 | Reached skill level 7 in Air Magic
 35317 | Spider:2 | Identified the +4 buckler "Ytro" {Int+5}
 35392 | Spider:2 | Reached skill level 5 in Transmutations
 35779 | Spider:2 | Reached XP level 16. HP: 129/130 MP: 31/31
 36215 | Spider:2 | Reached skill level 8 in Air Magic
 36819 | Spider:3 | Noticed Mlioglotl
 37503 | Spider:3 | Killed Mlioglotl
 37672 | Spider:3 | Reached skill level 9 in Air Magic
 38594 | Spider:4 | Entered Level 4 of the Spider Nest
 39360 | Spider:4 | Reached skill level 10 in Air Magic
 40278 | Spider:4 | Reached skill level 11 in Air Magic
 40330 | Spider:4 | Got a gossamer rune of Zot
 40615 | Shoals:1 | Entered Level 1 of the Shoals
 40641 | Shoals:1 | Gained mutation: Your touch may irresistibly damage your
                  | foes and sap their willpower. [demonic ancestry]
 40641 | Shoals:1 | Reached XP level 17. HP: 127/136 MP: 32/32
 40837 | Shoals:1 | Reached skill level 10 in Transmutations
 40939 | Shoals:1 | Noticed Josephine
 40946 | Shoals:1 | Killed Josephine
 42196 | Shoals:2 | Identified the +7 chain mail of Hangman {*Corrode Dex+3}
 42395 | Shoals:2 | Noticed Kirke
 42405 | Shoals:2 | Killed Kirke
 42462 | Shoals:2 | Noticed a kraken
 42487 | Shoals:2 | Killed a kraken
 42488 | Shoals:2 | Reached skill level 12 in Air Magic
 42677 | Shoals:2 | Noticed a kraken
 42683 | Shoals:2 | HP: 3/136 [tentacle[a kraken] (21)]
 42763 | Shoals:2 | Noticed a kraken
 42775 | Shoals:2 | Noticed a kraken
 42779 | Shoals:2 | Killed a kraken
 42786 | Shoals:2 | Killed a kraken
 43260 | Shoals:2 | Killed a kraken
 44348 | Shoals:3 | Noticed a kraken
 44376 | Shoals:3 | Killed a kraken
 44377 | Shoals:3 | Reached skill level 13 in Air Magic
 44385 | Shoals:3 | Learned a level 7 spell: Storm Form
 44440 | Shoals:4 | Entered Level 4 of the Shoals
 45117 | Shoals:4 | Gained mutation: A demonic guardian rushes to your aid.
                  | [demonic ancestry]
 45117 | Shoals:4 | Reached XP level 18. HP: 143/143 MP: 33/33
 45273 | Shoals:4 | Identified the +10 rapier "Jubaal" {freeze, rPois}
 45446 | Shoals:4 | Found a runed translucent door.
 45447 | Shoals:4 | Noticed flyleaff's ghost (adept GnWn)
 45815 | Shoals:4 | Reached skill level 14 in Air Magic
 45832 | Shoals:4 | Got a barnacled rune of Zot
 46612 | Orc:2    | Bought a manual of Fighting for 1040 gold pieces
 46731 | Vaults:1 | Entered Level 1 of the Vaults
 47068 | Vaults:1 | You fall into a shaft and drop 1 floor!
 47178 | Vaults:2 | HP: 2/143 [vault guard/+0 great sword[a vault warden] (19)]
 47187 | Vaults:2 | Killed from afar by a lindwurm

Illustrated notes

Levels and vault maps discovered:
D:1:      dpeg_arrival_caged_fury, layout_basic
D:2:      layout_basic, uniq_robin, uniq_terence
D:3:      layout_loops_cross, mainiacjoe_overflow_concentric_impassable,
          mainiacjoe_overflow_brackets, uniq_natasha, uniq_sigmund
D:4:      kennysheep_spiral_hall, layout_basic, chequers_serial_rivers_micro_d,
          uniq_menkaure, uniq_grinder, uniq_eustachio
D:5:      layout_basic, minmay_temple_entry_grid
D:6:      layout_loops_corners, mainiacjoe_overflow_boulevard,
          mainiacjoe_overflow_surrounded_room, grunt_ministairs_4,
          uniq_prince_ribbit1
D:7:      layout_rooms, lightli_minifort, uniq_duvessa
D:8:      layout_gridville, enter_ossuary_5, hex_large
D:9:      layout_roguey, pdpol_wu_jian_five_deadly_venoms,
          amethyst_overflow_temple_binary, minmay_misc_feat_iff,
          nzn_life_drinkers, uniq_maggie, uniq_harold
D:10:     layout_layer_cave, nicolae_wwwww, minmay_holes
D:11:     layout_grid_maze, hellmonk_lair_entry_icy, orc_0_dummy,
          gauntlet_entry_generic, serial_shops,
          nicolae_shop_bloodbath_and_beyond, amcnicky_mini_rare_corridor_liquid,
          nicolae_uskayaw_murder_on_the_dancefloor, uniq_snorg, uniq_amaemon
D:12:     layout_irregular_city, serial_shops, shop
D:13:     minmay_spotlight, layout_long_grid, david_vaults_5
D:14:     layout_irregular_city
D:15:     grunt_enter_depths_snipers, layout_cave_pools, serial_shops,
          bzr_firewalk, hangedman_abyss_or_decor_clamps, uniq_rupert,
          uniq_nessos
Temple:   nicolae_temple_bog_church
Lair:1:   layout_hall_layers
Lair:2:   layout_roguey [special_room_bee], nicolae_spider_entry_non_spiders,
          gammafunk_ghost_arena, nicolae_lair_run_with_the_wolves
Lair:3:   layout_chaotic_city, minmay_shoals_entry_beasts, lemuel_fruit_tree
Lair:4:   layout_cave_pods, slime_entry_1, serial_bayou_shore_b,
          infiniplex_staircase_pool
Lair:5:   hellmonk_lair_end_abyssal_woods, layout_cave_pods,
          serial_bayou_shore_b
Shoals:1: layout_shoals, uniq_josephine
Shoals:2: layout_shoals, uniq_kirke
Shoals:3: layout_shoals, nicolae_shoals_sun_and_surf
Shoals:4: shoals_end_grunt_garden, layout_shoals, hellmonk_ghost_happy_afterlife
Spider:1: layout_spider_delve
Spider:2: layout_spider_delve
Spider:3: layout_spider_delve, uniq_mlioglotl
Spider:4: grunt_spider_rune_circles, nicolae_spider_wall_of_niches
Orc:1:    layout_caves, uniq_nergalle, uniq_gastronok, uniq_erica
Orc:2:    st_orc_open, layout_caves
Vaults:1: nicolae_vaults_back_hallway, ontoclasm_vaults_twist,
          nicolae_vaults_little_squares_4, vaults_standard_mumra_x, v_misc_18,
          v_alt_pattern_3, v_misc_15, v_misc_12, ontoclasm_vaults_chip,
          layout_vaults_ring
Vaults:2: mu_enter_wizlab_1, ontoclasm_vaults_hangar,
          hangedman_vaults_stretched_pinwheel, v_rooms_4, v_misc_23,
          nicolae_vaults_what_the_h, ontoclasm_vaults_ligature,
          vaults_standard_mumra_enter_the_diamond, nicolae_vaults_rhombus_5,
          grunt_vaults_hallway_short, grunt_vaults_hallway_short,
          layout_vaults_quadrants

Skill      XL: |  1  2  3  4  5  6  7  8  9 10 11 12 13 14 15 16 17 18 |
---------------+-------------------------------------------------------+-----
Stealth        | 2 |  2.0
Dodging        | 2 3 4 5 6 7 8 9 10 12 | 12.6
Fighting       | 1 2 3 4 5 6 8 9 10 11 12 13 | 13.4
Unarmed Combat | 1 2 3 4 |  4.9
Hexes          | 1 3 4 5 |  5.0
Spellcasting   | 3 5 6 7 8 10 11 | 11.9
Summonings     | 5 6 7 9 10 11 12 13 | 13.3
Air Magic      | 1 3 5 7 11 13 14 | 14.2
Translocations | 2 4 6 |  6.0
Transmutations | 5 9 12 13 | 13.3

Action                   |  1- 3 |  4- 6 |  7- 9 | 10-12 | 13-15 | 16-18 || total
-------------------------+-------+-------+-------+-------+-------+-------++-------
Melee: Unarmed           |    20 |    74 |   191 |   194 |   119 |   158 ||   756
       Kick              |     5 |    21 |    57 |    77 |    49 |    45 ||   254
       Punch             |     1 |     1 |     7 |     9 |     2 |     4 ||    24
       Touch             |       |       |    38 |    39 |    25 |    18 ||   120
       Headbutt          |       |       |    36 |    44 |    39 |    25 ||   144
 Cast: Summon Small Mamm |    36 |    61 |    76 |     4 |     2 |     3 ||   182
       Call Imp          |    10 |    36 |    44 |     3 |     1 |     1 ||    95
       Call Canine Famil |       |       |    20 |    81 |    98 |   112 ||   311
       Summon Guardian G |       |       |       |    74 |   132 |   116 ||   322
       Summon Lightning  |       |       |       |    38 |   104 |    72 ||   214
       Summon Forest     |       |       |       |       |    33 |    95 ||   128
       Summon Mana Viper |       |       |       |       |    29 |   150 ||   179
       Storm Form        |       |       |       |       |       |    17 ||    17
Invok: Call Merchant     |       |       |       |     4 |     3 |     1 ||     8
 Abil: Blinkbolt         |       |       |       |       |       |     5 ||     5
Evoke: Wand              |       |       |     1 |     2 |       |       ||     3
  Use: Scroll            |       |       |    13 |    16 |     7 |     4 ||    40
       Potion            |       |       |       |     1 |     3 |     4 ||     8
 Stab: Sleeping          |     1 |       |     1 |       |       |       ||     2
       Distracted        |       |     2 |     3 |     3 |       |     2 ||    10
Armor: Acid dragon scale |     8 |    55 |    34 |    60 |    49 |    59 ||   265
       Skin              |       |       |       |       |       |    36 ||    36
Dodge: Dodged            |    27 |    95 |   165 |   250 |   145 |   358 ||  1040

Table legend: (Time is in decaauts)
 A = Elapsed time spent in this place.
 B = Non-inter-level travel time spent in this place.
 C = Inter-level travel time spent in this place.
 D = Time resting spent in this place.
 E = Time spent auto-exploring this place.
 F = Levels seen in this place.
 G = Mean time per level.
                   A        B        C        D        E       F      G
               +--------+--------+--------+--------+--------+-----+--------+
         Total |  47630 |  44926 |   2704 |   9887 |  23079 |  36 | 1323.1 |
       Dungeon |  23257 |  22156 |   1101 |   4740 |  12582 |  15 | 1550.5 |
        Temple |    281 |    264 |     17 |    200 |     48 |   1 |  281.0 |
          Lair |   7350 |   6843 |    507 |   1235 |   3476 |   5 | 1470.0 |
        Shoals |   6241 |   6019 |    222 |   1408 |   2647 |   4 | 1560.2 |
   Spider Nest |   6310 |   5644 |    666 |   1209 |   2956 |   4 | 1577.5 |
  Orcish Mines |   2522 |   2353 |    169 |    689 |    958 |   2 | 1261.0 |
        Vaults |    378 |    358 |     20 |      0 |    144 |   2 |  189.0 |
        Bazaar |    100 |    100 |      0 |      0 |     52 |   1 |  100.0 |
       Ossuary |    388 |    388 |      0 |     50 |      0 |   1 |  388.0 |
      Gauntlet |    799 |    799 |      0 |    356 |    215 |   1 |  799.0 |
               +--------+--------+--------+--------+--------+-----+--------+

Top non-repeatable levels by time:
  Lair:5: 2262 daAuts
     D:9: 2251 daAuts
     D:4: 2228 daAuts
     D:2: 2228 daAuts
     D:6: 2151 daAuts
     D:3: 2131 daAuts
Spider:2: 2108 daAuts
  Lair:2: 2043 daAuts
Shoals:3: 2041 daAuts
    D:11: 2028 daAuts
Spider:3: 1656 daAuts
     D:5: 1653 daAuts
Spider:4: 1595 daAuts
Shoals:1: 1452 daAuts
Shoals:4: 1380 daAuts
